[Event "44th Chess Olympiad Women 2022"]
[Site "Chennai"]
[Date "2022.08.05"]
[Round "7.23"]
[White "Morales Flores, Monserrat"]
[Black "Masoumi, Sahar"]
[Result "1-0"]
[ECO "B45"]
[WhiteElo "1946"]
[BlackElo "1956"]
[Annotator "TA"]
[PlyCount "45"]
[EventDate "2022.07.29"]
[EventType "team-tourn"]
[EventCountry "IND"]
[SourceTitle "playchess.com"]
[Source "ChessBase"]
[SourceQuality "1"]
[WhiteTeam "Chile"]
[BlackTeam "Iran"]
[WhiteTeamCountry "CHI"]
[BlackTeamCountry "IRI"]
[TimeControl "40/5400+30:1800+30"]

1. e4 c5 2. Nf3 e6 3. d4 cxd4 4. Nxd4 Nf6 5. Nc3 Nc6 6. Be2 Bb4 7. O-O Bxc3 8. bxc3 Nxe4 9. Qd3 {[%emt 0:00:37] 9.Nxc6 gains popularity.} d5 10. Ba3 a6 (10... Ne7 $11) 11. Nxc6 $16 {[%emt 0:18:08] B45: Sicilian Four Knights.} bxc6 12. c4 Qa5 13. Bf3 {[%emt 0:18:43] Strongly threatening cxd5. A strong pair of Bishops. White is slightly better.} Nd2 (13... f5 $142) 14. cxd5 $1 cxd5 (14... Nxf1 $2 15. dxe6 fxe6 16. Bxc6+ (16. Kxf1 Kf7 $18) (16. Qxf1 Qc3 $16) 16... Kf7 17. Bxa8 $18) 15. Rfd1 Nxf3+ (15... Nc4 $2 16. Qxc4 $1 dxc4 17. Bc6+ Bd7 18. Rxd7 Qxa3 19. Rd3+ Ke7 20. Rxa3 $18) 16. Qxf3 {[%emt 0:00:06] [#] Threatens to win with c4.} f6 $146 ({Predecessor:} 16... Ra7 17. c4 dxc4 18. Qc6+ Bd7 19. Qd6 Bc8 20. Qd4 Rd7 21. Qxg7 Qxa3 22. Qxh8+ Qf8 23. Qxh7 {1-0 (30) Gwaze,R (2335)-Crouch,C (2392) Glasgow 2003}) 17. c4 $1 {[%emt 0:03:29][%cal Rc4d5] White is more active.} Bb7 (17... Bd7 $16) 18. Qg3 (18. Rab1 $142 Bc6 19. Qh5+ g6 20. Qh3) 18... Kf7 $18 19. Rab1 $40 {[%emt 0:01:43][%mdl 128] Black is in trouble.} ({Resist} 19. Qd6 $6 Rhc8 $16) 19... Bc6 (19... Bc8) 20. cxd5 (20. Qd6 Rhc8 $14) 20... Bxd5 {[%emt 0:00:47] [#]} (20... exd5 $18 21. Rdc1 (21. Qd6 Rac8 $11) 21... Bd7) 21. Rb7+ $3 {[%emt 0:01:18][%mdl 576] Skewer, Decoy. White mates.} Bxb7 22. Rd7+ {[%emt 0:00:16][%mdl 64] Skewer, Double Attack} Ke8 23. Re7+ {[%emt 0:00:05] Black did not feel at home in the position after the opening.  Weighted Error Value: White=0.12 (very precise) /Black=1.01} 1-0

[Event "44th Chess Olympiad Women 2022"]
[Site "Chennai"]
[Date "2022.08.05"]
[Round "7.23"]
[White "Toro Pradenas, Maria Jose"]
[Black "Asgharzadeh, Mitra"]
[Result "0-1"]
[ECO "C11"]
[WhiteElo "1945"]
[BlackElo "1988"]
[Annotator "TA"]
[PlyCount "72"]
[EventDate "2022.07.29"]
[EventType "team-tourn"]
[EventCountry "IND"]
[SourceTitle "playchess.com"]
[Source "ChessBase"]
[SourceQuality "1"]
[WhiteTeam "Chile"]
[BlackTeam "Iran"]
[WhiteTeamCountry "CHI"]
[BlackTeamCountry "IRI"]
[TimeControl "40/5400+30:1800+30"]

1. e4 e6 2. d4 d5 3. Nc3 Nf6 4. e5 Nfd7 5. f4 c5 6. Nf3 Nc6 7. Be3 Be7 8. Qd2 O-O 9. Bd3 {[%emt 0:07:23] C11: French: Classical System: 4 e5 and 4 Bg5 dxe4.} b6 10. O-O f5 11. exf6 {[%emt 0:24:12] White has an edge.} Bxf6 (11... Nxf6 $11 12. b3 Ng4) 12. Bb5 $14 {[%emt 0:05:05] [#]} Nxd4 $146 ({Predecessor:} 12... Bb7 13. Bxc6 Bxc6 14. Ne5 Qc7 15. Nxc6 Qxc6 16. Ne2 g6 17. c3 Bg7 18. Rf3 Nf6 {1-0 (47) Strobl,S (1633)-Kristoferitsch,D (1820) Playchess.com INT 2020}) 13. Nxd4 cxd4 14. Bxd4 Bb7 15. Rae1 Bxd4+ 16. Qxd4 Nc5 17. b4 Ne4 18. Bd3 Rc8 19. Ne2 Qh4 20. Qe5 Qe7 21. Nd4 Qxb4 22. Nxe6 Rf6 23. f5 Qc3 {[%emt 0:07:17] Prevents c4.} 24. Qf4 Re8 25. Qg4 $2 {[%emt 0:02:35][%mdl 8192] [#] Loses the game.} (25. Qc7 $11 {and White is okay.} Qxc7 26. Nxc7) 25... Rfxe6 $1 $19 26. fxe6 {[%emt 0:00:09] aiming for Qh5.} (26. Qf4 R6e7) 26... Qd4+ 27. Kh1 Nf2+ {[%emt 0:00:16][%mdl 64] Discovered Attack} 28. Rxf2 Qxg4 29. e7 Qg5 30. Rf5 {[%emt 0:00:26] [#]} Qh4 $1 ({Stronger than} 30... Rxe7 31. Ref1 Qxf5 32. Rxf5 $17) 31. g3 Qb4 32. Rfe5 Qc5 {[%emt 0:00:44] Strongly threatening ...Qf2.} 33. Bf5 Qf2 {[%emt 0:00:40] ( -> ...d4+)} 34. Be6+ Kh8 {[%emt 0:00:02] Black mates.} 35. Bf5 d4+ 36. Be4 Qxe1+ {[%emt 0:00:11] Weighted Error Value: White=0.87/Black=0.08 (flawless)} 0-1

[Event "44th Chess Olympiad Women 2022"]
[Site "Chennai"]
[Date "2022.08.05"]
[Round "7.24"]
[White "Eftovska, Lea"]
[Black "Vidic, Teja"]
[Result "0-1"]
[ECO "B23"]
[WhiteElo "1634"]
[BlackElo "2099"]
[Annotator "TA"]
[PlyCount "66"]
[EventDate "2022.07.29"]
[EventType "team-tourn"]
[EventCountry "IND"]
[SourceTitle "playchess.com"]
[Source "ChessBase"]
[SourceQuality "1"]
[WhiteTeam "Macedonia"]
[BlackTeam "Slovenia"]
[WhiteTeamCountry "MKD"]
[BlackTeamCountry "SLO"]
[TimeControl "40/5400+30:1800+30"]

1. e4 c5 2. Nc3 d6 3. f4 g6 4. Nf3 Bg7 5. Bb5+ Bd7 6. Bxd7+ Qxd7 7. d3 Nc6 8. O-O e6 9. a3 {[%emt 0:03:35] B23: Closed Sicilian: Lines without g3.} Nge7 10. Qe1 O-O (10... Nd4 $5 11. Qf2 Nxf3+ 12. Qxf3 f5 $11) 11. Bd2 {[%emt 0:07:48] Black has an edge.} Nd4 {[%emt 0:08:01] [#]} 12. Nxd4 $146 ({Predecessor:} 12. Rc1 b5 13. Qf2 a5 14. Be3 Nxf3+ 15. Qxf3 b4 16. axb4 axb4 17. Nd1 Ra2 18. Rb1 {½-½ (86) Setiabudi,M (1397)-Cardenas,E (1480) Cammeray 2011}) 12... cxd4 13. Ne2 Rac8 14. Rc1 Qb5 15. Bb4 Rfd8 16. Rf3 (16. b3 $11) 16... Nc6 $15 17. c4 dxc3 $1 18. Bxc3 Qb6+ 19. Kh1 Nd4 (19... d5 $15) 20. Nxd4 $11 Bxd4 21. Bxd4 (21. f5 $11) 21... Qxd4 $15 22. Rc3 (22. Qd2 $15) 22... d5 $17 {[%emt 0:05:33] And now ...dxe4 would win.} 23. exd5 Qxd5 24. Qc1 Rxc3 $40 {[%emt 0:01:57][%mdl 128] Black wants a kill. Black is more active.} 25. Qxc3 {[%emt 0:02:34][%mdl 4096] Endgame KQR-KQR} h5 26. h3 b5 27. Qa5 Qd7 28. b3 {[%emt 0:07:27] [#]} (28. Kh2 $142) 28... Rc8 $1 29. Qd2 {[%emt 0:03:41] [#]} (29. Kh2 $142) 29... Qd4 $1 $19 30. Kh2 Rc3 31. Qd1 a5 32. Kg3 $2 (32. Qe1) 32... Kg7 {[%emt 0:04:17] aiming for ...e5.} 33. Rf2 $2 (33. Qe1) 33... Rxd3+ {[%emt 0:00:18] Weighted Error Value: White=0.56/Black=0.16 (very precise)} (33... h4+ $142 34. Kh2 Qxf2) 0-1

[Event "44th Chess Olympiad Women 2022"]
[Site "Chennai"]
[Date "2022.08.05"]
[Round "7.25"]
[White "Barbier, Astrid"]
[Black "Pachon, Adriana"]
[Result "1-0"]
[ECO "C78"]
[WhiteElo "1879"]
[BlackElo "2007"]
[Annotator "TA"]
[PlyCount "85"]
[EventDate "2022.07.29"]
[EventType "team-tourn"]
[EventCountry "IND"]
[SourceTitle "playchess.com"]
[Source "ChessBase"]
[SourceQuality "1"]
[WhiteTeam "Belgium"]
[BlackTeam "Colombia"]
[WhiteTeamCountry "BEL"]
[BlackTeamCountry "COL"]
[TimeControl "40/5400+30:1800+30"]

1. e4 e5 2. Nf3 Nc6 3. Bb5 a6 4. Ba4 Nf6 5. d3 b5 6. Bb3 Bc5 7. O-O d6 8. c3 {[%emt 0:00:15] C78: Ruy Lopez: Archangelsk and Möller Defences.} Bb6 {[%emt 0:01:02] 8...h6 is becoming the main line.} 9. Be3 (9. a4 $5 ) 9... Rb8 10. Nbd2 {[%emt 0:04:22] [#] The position is equal.} Bg4 $146 ({Predecessor:} 10... O-O 11. h3 Ne7 12. d4 Ng6 13. Bc2 c5 14. dxe5 dxe5 15. c4 Qe7 16. Qe2 Bd7 {½-½ (54) Thipsay,P (2376)-Agrest,I (2284) Chess.com INT 2020}) 11. h3 Bh5 12. a4 O-O 13. Bxb6 Rxb6 14. a5 Rb7 15. Qc2 Qe7 16. Rfe1 Bg6 17. Nh4 Na7 18. Nxg6 hxg6 19. Nf1 c5 20. Ne3 Rc8 21. Nd5 Nxd5 22. Bxd5 Nc6 23. Qe2 Rbc7 24. Qg4 Kh7 {[%emt 0:08:18] White stays focused until the end.} ({Black should try} 24... Kf8 $1 $14) 25. Re3 Nd8 26. Rf1 {[%emt 0:03:13] 0x0.0016827156d6dp-1022s more active pieces.} Ne6 27. g3 $1 {[%emt 0:01:41][%cal Bg2g3,Bg3f4,Bf4f5][%mdl 32] Prevents Nf4.} c4 (27... Rd7 $16) 28. f4 $1 $18 exf4 (28... Re8 {was necessary.} 29. dxc4 bxc4) 29. gxf4 {[%emt 0:01:13] Black must now prevent Rg3.} cxd3 {[%emt 0:00:09] [#]} 30. f5 $1 {[%emt 0:06:29] White is clearly winning.} gxf5 31. exf5 Qg5 32. Qxg5 Nxg5 33. h4 Rc5 34. Bb3 Re5 35. Rxe5 Nh3+ 36. Kg2 dxe5 37. Kxh3 {[%emt 0:00:06][%mdl 4096] Endgame KRB-KR} e4 38. Re1 Re8 {[%emt 0:00:20] [#]} 39. Re3 $1 f6 40. Kg3 g6 41. Kf4 gxf5 42. Kxf5 Re5+ 43. Kxf6 {[%emt 0:00:00] Weighted Error Value: White=0.05 (flawless) /Black=0.29 (precise)} 1-0

[Event "44th Chess Olympiad Women 2022"]
[Site "Chennai"]
[Date "2022.08.05"]
[Round "7.26"]
[White "Phan, Nguyen Mai Chi"]
[Black "Maklakova, Nellija"]
[Result "1-0"]
[ECO "D02"]
[WhiteElo "2139"]
[BlackElo "1819"]
[Annotator "TA"]
[PlyCount "57"]
[EventDate "2022.07.29"]
[EventType "team-tourn"]
[EventCountry "IND"]
[SourceTitle "playchess.com"]
[Source "ChessBase"]
[SourceQuality "1"]
[WhiteTeam "Australia"]
[BlackTeam "Latvia"]
[WhiteTeamCountry "AUS"]
[BlackTeamCountry "LAT"]
[TimeControl "40/5400+30:1800+30"]

1. Nf3 d5 2. d4 e6 3. e3 c6 4. Bd3 Nd7 5. b3 Bd6 6. Bb2 {[%emt 0:00:46] D02: 1 d4 d5 2 Nf3 sidelines, including 2...Nf6 3 g3 and 2...Nf6 3 Bf4.} f5 7. c4 Ngf6 {[%emt 0:00:45] [#]} 8. Qe2 $146 {[%emt 0:10:15] White is slightly better.} ({Predecessor:} 8. Nbd2 Ne4 9. Bxe4 fxe4 10. Ne5 O-O 11. O-O Rf5 12. g4 Rf6 13. f3 exf3 14. Rxf3 Rxf3 15. Qxf3 Nxe5 16. dxe5 {0-1 (43) Calderon Guerra,O (1247)-Ruiz Jaraba,V (1850) Pereira 2022}) 8... O-O 9. cxd5 cxd5 10. O-O Ne4 11. Ba3 Qe7 12. Bxd6 Qxd6 13. Rc1 Rf6 14. Nc3 a6 15. Rc2 Rh6 (15... Nf8 $142) 16. Rac1 $16 {[%emt 0:01:38] [#] Hoping for Nxe4.} Qf8 17. Nb1 Ndf6 18. Ne5 g5 (18... Nd6 $16 19. Qe1 Bd7) 19. Rc7 {[%emt 0:01:08] And now Bxe4 would win.} Nd6 20. f4 (20. g4 $18) 20... gxf4 (20... g4 $16) 21. exf4 $18 Nfe8 22. R7c2 $36 {[%emt 0:02:05][%mdl 2048] Black is under strong pressure.} Qe7 (22... Qg7 $16 23. Nd2 b6) 23. a4 Bd7 {[%emt 0:01:03] [#]} 24. Nd2 $1 Rd8 25. Ndf3 Ne4 26. Qe1 N8f6 27. Rc7 Nh5 28. g3 Qg7 (28... Nhf6 $142 29. Rxb7 Qa3 30. Bxa6 Nd6) 29. Rxd7 {[%emt 0:00:29] Weighted Error Value: White=0.12 (very precise) /Black=0.38} 1-0

[Event "44th Chess Olympiad Women 2022"]
[Site "Chennai"]
[Date "2022.08.05"]
[Round "7.26"]
[White "Ter-Avetisjana, Agnesa Stepania"]
[Black "Richards, Heather S"]
[Result "1-0"]
[ECO "C07"]
[WhiteElo "1962"]
[BlackElo "2146"]
[Annotator "TA"]
[PlyCount "107"]
[EventDate "2022.07.29"]
[EventType "team-tourn"]
[EventCountry "IND"]
[SourceTitle "playchess.com"]
[Source "ChessBase"]
[SourceQuality "1"]
[WhiteTeam "Latvia"]
[BlackTeam "Australia"]
[WhiteTeamCountry "LAT"]
[BlackTeamCountry "AUS"]
[TimeControl "40/5400+30:1800+30"]

1. e4 e6 2. d4 d5 3. Nd2 c5 4. exd5 Qxd5 5. Ngf3 cxd4 6. Bc4 Qd6 7. O-O Nf6 8. Nb3 Nc6 9. Nbxd4 Nxd4 10. Nxd4 Be7 11. c3 O-O {[%emt 0:05:08] C07: French Tarrasch: 3...c5, 4 Ngf3 and 4 exd5 Qxd5.} 12. Qf3 Qc5 13. Bb3 Bd7 {[%emt 0:09:02] White has an edge.} 14. Re1 {[%emt 0:04:16] [#]} a5 $146 (14... Bd6 {looks sharper.} 15. h3 e5 16. Ne2 e4) ({Predecessor:} 14... b5 15. Be3 Qh5 16. Qxh5 Nxh5 17. Bd1 Nf6 18. Bf3 Rac8 19. Bf4 Rc5 20. Rad1 Rd8 {1-0 (52) Oral,T (2470)-Vrana,F (2250) Zlin 1996}) 15. Be3 Qc7 16. a4 Bd6 17. h3 e5 (17... Bc6 $11 {remains equal.} 18. Nxc6 bxc6) 18. Nb5 $16 Bxb5 19. axb5 e4 20. Qf5 Rfe8 (20... Qc8 $16 21. Qxc8 Rfxc8) 21. b6 $18 Bh2+ (21... Qe7 $142 22. Rxa5 g6) 22. Kf1 Qe5 (22... Qd6 $142 23. Red1 Qb8 24. Rxa5 Re5 25. Rxe5 Bxe5) 23. Qxe5 Bxe5 24. Red1 {[%emt 0:00:18] Inhibits Bd6.} h6 25. Ra4 g5 26. g3 {[%emt 0:05:16] Prevents Bf4.} Kg7 27. Ke2 Re7 28. Rda1 Nd7 29. Rxa5 Rxa5 30. Rxa5 f5 31. Bd5 (31. Ba4 $18 {Hoping for Bxd7.} Kf6 32. Ra7) 31... f4 $16 32. gxf4 {[%emt 0:00:43] White is more active.} (32. Bxb7 $2 fxe3 33. Kxe3 Nxb6 $19) 32... gxf4 33. Bc5 (33. Bxb7 fxe3 34. Rb5 exf2 35. Kxf2 Bd6 $17) 33... Nxc5 34. Rxc5 {[%emt 0:00:10][%cal Od5b7][%mdl 4096] Endgame And now Bxb7! would win. KRB-KRB} Kf6 35. Bxe4 Bxc3 36. Rf5+ ({Don't do} 36. bxc3 Rxe4+ 37. Kf3 Re6 38. Kxf4 Rxb6 $16) 36... Kg7 37. bxc3 {[%emt 0:01:10] [#] Black must now prevent Kf3.} Rxe4+ {[%emt 0:00:06] KR-KR} 38. Kf3 Re6 39. Rb5 {[%emt 0:00:57] Threatens to win with c4.} ({But not} 39. Rxf4 Rc6 $16) ({Don't play} 39. Kxf4 Rxb6 40. Ke4 Rb3 $16) 39... Rc6 40. Kxf4 Rxc3 $2 {[%emt 0:00:22][%mdl 8192] [#] This move loses the game for Black.} (40... Kf7 $16 {is tougher.}) 41. Rd5 $1 $18 Rxh3 42. Rd7+ Kf6 43. Rxb7 {[%emt 0:00:06] Rb8 would kill now.} Rh4+ 44. Kg3 Rb4 45. Rb8 {[%emt 0:00:55] White mates.} Ke7 46. f4 Kd7 47. f5 Rb3+ 48. Kg4 Rb1 49. f6 Rg1+ 50. Kh3 Ke6 51. b7 Rh1+ 52. Kg2 Rb1 53. Re8+ Kxf6 54. b8=Q {[%emt 0:00:00] Weighted Error Value: White=0.06 (flawless) /Black=0.53} 1-0

[Event "44th Chess Olympiad Women 2022"]
[Site "Chennai"]
[Date "2022.08.05"]
[Round "7.27"]
[White "Gazola, Vanessa Ramos"]
[Black "Mihailova, Alina"]
[Result "0-1"]
[ECO "D26"]
[WhiteElo "2000"]
[BlackElo "1926"]
[Annotator "TA"]
[PlyCount "64"]
[EventDate "2022.07.29"]
[EventType "team-tourn"]
[EventCountry "IND"]
[SourceTitle "playchess.com"]
[Source "ChessBase"]
[SourceQuality "1"]
[WhiteTeam "Brazil"]
[BlackTeam "Moldova"]
[WhiteTeamCountry "BRA"]
[BlackTeamCountry "MDA"]
[TimeControl "40/5400+30:1800+30"]

1. d4 d5 2. c4 dxc4 3. e3 Nf6 4. Bxc4 e6 5. Nf3 a6 6. O-O b5 7. Bd3 Bb7 8. a4 b4 9. Nbd2 {[%emt 0:00:09] D26: Queen's Gambit Accepted: 4 e3 e6 5 Bxc5 c5 sidelines.} c5 10. Qe2 Nbd7 11. a5 {[%emt 0:00:55] White is slightly better.} Be7 12. Rd1 O-O {[%emt 0:06:25] [#]} 13. e4 $146 ({Predecessor:} 13. Nc4 Qc7 14. Bd2 cxd4 15. exd4 Bd5 16. Nfe5 Qb7 17. f3 Nxe5 18. dxe5 Nd7 19. Kh1 {1-0 (42) Thejkumar,M (2433)-Iskusnyh,S (2473) Chess.com INT 2021}) 13... cxd4 14. e5 $1 Nd5 {[%emt 0:01:18] aiming for ...Nf4.} ({Resist} 14... Ng4 15. h3 Nh6 16. Nb3 $14) 15. Ne4 (15. Nb3 $11 {keeps the balance.}) 15... Qc7 $17 16. Neg5 h6 $36 {[%emt 0:12:05][%mdl 2048] Keeping White busy.} 17. Nh3 Bc5 ({Stronger than} 17... Nc5 18. Nxd4 Nxd3 19. Rxd3 $17) (17... Rfd8 $17 18. Bc4 Bc5) 18. Qe4 {[%emt 0:05:40] White does not recover from this.} (18. Nf4 $15) 18... N5f6 $1 $19 19. Qf4 (19. Qh4 {was worth a try.} Nxe5 20. Nxe5 Qxe5 21. Bf4) 19... Bxf3 20. Qxf3 Nxe5 21. Qg3 Nh5 22. Qh4 Nxd3 23. Rxd3 Qe5 24. g4 $2 (24. Kf1) 24... Qe1+ 25. Kg2 Qe4+ 26. Rf3 f5 27. Qxh5 fxg4 {[%emt 0:00:13][%mdl 64] Pin} 28. Bf4 Qxf3+ 29. Kg1 Qxh3 (29... Rf5 $142 30. Bg3 Rxh5 31. Nf4 Rf5 32. h3 Rxf4 33. hxg4 {[#]} d3 $1 34. Kh2 Bxf2 $1 35. Bxf2 Rxg4 36. Rg1 Qxf2+ 37. Kh3 Rh4#) 30. Qe5 {[%emt 0:00:07] Black is clearly winning.} Qf3 31. Bg3 Qf5 32. Qe2 d3 {[%emt 0:00:05] Weighted Error Value: White=1.04/Black=0.38} 0-1

[Event "44th Chess Olympiad Women 2022"]
[Site "Chennai"]
[Date "2022.08.05"]
[Round "7.28"]
[White "Monroy G., Nataly A."]
[Black "Mordido, Kylen Joy"]
[Result "0-1"]
[ECO "A57"]
[WhiteElo "1907"]
[BlackElo "2023"]
[Annotator "TA"]
[PlyCount "58"]
[EventDate "2022.07.29"]
[EventType "team-tourn"]
[EventCountry "IND"]
[SourceTitle "playchess.com"]
[Source "ChessBase"]
[SourceQuality "1"]
[WhiteTeam "Bolivia"]
[BlackTeam "Philippines"]
[WhiteTeamCountry "BOL"]
[BlackTeamCountry "PHI"]
[TimeControl "40/5400+30:1800+30"]

1. d4 Nf6 2. Nf3 g6 3. c4 c5 4. d5 b5 5. cxb5 a6 6. b6 d6 7. Nc3 Nbd7 {[%emt 0:02:16] 7...Bg7 is vanishing.} 8. a4 {[%emt 0:01:08][%cal Ba2a4,Ba4a5][%mdl 32] Hoping for a5. A57: Benko/Volga Gambit.} Nxb6 9. a5 Nbd7 10. e4 {[%emt 0:00:29] White is slightly better.} Bg7 11. Be2 O-O 12. O-O Ne8 13. Nd2 Nc7 14. Qa4 Rb8 {[%emt 0:04:23] [#]} 15. f4 $146 ({Predecessor:} 15. Ra3 Ne5 16. f4 Bd7 17. Qd1 Nb5 18. Ra2 Ng4 19. Bxg4 Bxc3 20. Bxd7 Bd4+ 21. Kh1 Qxd7 {½-½ (118) Garcia Garcia,E (1709)-Martinez Carnicer,E (1822) Aragon 2017}) 15... f5 16. Kh1 (16. exf5 $15 Bd4+ 17. Kh1) 16... Nf6 $17 17. Bc4 Kh8 18. Re1 Nh5 19. g3 (19. e5 $17 {was the only defense.}) 19... fxe4 20. Ndxe4 Rb4 21. Qa2 Bb7 {[%emt 0:02:37][%cal Oe7e6] aiming for ...e6!} 22. Bf1 $2 (22. Kg1 {keeps fighting.}) 22... Qa8 $19 23. Rd1 {[%emt 0:04:29] [#]} Rxe4 $1 24. Nxe4 Nxd5 ({And not} 24... Bxd5 25. Rxd5 Nxd5 26. Bg2 $11) 25. Bg2 {[%emt 0:00:36] [#]} (25. Qc4 {is a better defense.} Ndf6 26. Kg1 Nxe4 27. Be2) 25... Ndxf4 $1 26. gxf4 (26. Bxf4 Bxe4) 26... Bxe4 27. Rg1 Bd4 28. b4 Rf5 {[%emt 0:01:53][%cal Oh5g3] ( -> ...Ng3+!)} 29. bxc5 {[%emt 0:02:18] [#]} Ng3+ $1 {[%emt 0:00:36][%mdl 576] Clearance.  Weighted Error Value: White=0.95/Black=0.20 (precise)} 0-1

[Event "44th Chess Olympiad Women 2022"]
[Site "Chennai"]
[Date "2022.08.05"]
[Round "7.29"]
[White "Moaataz, Ayah"]
[Black "Penafiel Mendoza, Josselyne"]
[Result "1-0"]
[ECO "A24"]
[WhiteElo "2119"]
[BlackElo "1804"]
[Annotator "TA"]
[PlyCount "91"]
[EventDate "2022.07.29"]
[EventType "team-tourn"]
[EventCountry "IND"]
[SourceTitle "playchess.com"]
[Source "ChessBase"]
[SourceQuality "1"]
[WhiteTeam "Egypt"]
[BlackTeam "Ecuador"]
[WhiteTeamCountry "EGY"]
[BlackTeamCountry "ECU"]
[TimeControl "40/5400+30:1800+30"]

1. c4 Nf6 2. g3 g6 3. Bg2 Bg7 4. Nc3 e5 5. d3 O-O 6. e4 d6 7. Nge2 c6 8. O-O a6 9. a4 a5 10. h3 Na6 11. Be3 {[%emt 0:00:29] A24: English Opening vs King's Indian: Lines without ...Nc6.} Re8 12. Qd2 {[%emt 0:02:25] [#]} Nb4 $146 ({Predecessor:} 12... Nc5 13. Rad1 Qe7 14. f4 exf4 15. Bxf4 Bd7 16. Rf2 Rad8 17. Bh6 Nb3 18. Qe3 Bxh6 19. Qxh6 {1-0 (42) Lilov,V (2434)-Chatalbashev,B (2560) Golden Sands 2013}) 13. d4 {[%emt 0:20:48] The position is equal.} exd4 14. Nxd4 Nd7 15. Rad1 Ne5 16. Qe2 Qe7 17. Rd2 b6 18. Rfd1 Ba6 19. b3 Rad8 20. Na2 d5 {[%emt 0:03:36] [#] Strongly threatening ...Nxa2.} 21. Nxb4 Qxb4 22. exd5 cxd5 23. Nb5 {[%emt 0:00:49] Black must now prevent Nc7.} Bxb5 (23... Qxb3 $11 {and Black stays safe.} 24. Rxd5 (24. Bxd5 Rd7 $11) 24... Rb8) 24. axb5 $18 (24. cxb5 $6 d4 $14) 24... d4 (24... a4 $142) 25. Rxd4 (25. Bxd4 Nc6 26. Bc5 Qxc5 $16) 25... Rxd4 26. Bxd4 {[%emt 0:01:45] This bishop pair is nice.} Qxb3 $2 {[%emt 0:01:24] [#]} (26... a4 {was necessary.} 27. Bxe5 (27. Bxb6 axb3 28. Bd5 Re7 $18) 27... Bxe5) 27. f4 $2 (27. Bxb6 Qxc4 28. Qxc4 Nxc4 $18) (27. Bd5 $18) 27... Qxc4 $15 28. Qxc4 (28. Qd2 $2 Rd8 29. fxe5 Bxe5 $19) 28... Nxc4 29. Bxg7 Kxg7 {[%emt 0:00:01][%mdl 4096] Endgame KRB-KRN} 30. Rd7 $1 Ne3 31. Bc6 Rb8 (31... Re6 $15) 32. Kf2 $11 Nc2 33. Bd5 Nb4 34. Bxf7 Kh8 (34... Nd3+ $1 $11 35. Rxd3 Kxf7) 35. Be6 {[%emt 0:01:26] White is more active.} ({Better is} 35. Kf3 $16) 35... Re8 36. f5 gxf5 37. Bxf5 Rf8 {[%emt 0:00:04] A mistake that costs the game.} (37... Re5 $1 $14 38. g4 (38. Bxh7 Rxb5 39. Bg6 a4 $11) (38. Rxh7+ Kg8 $11) 38... Rxb5) 38. g4 $18 Kg8 (38... h6 $142 39. Ke3 Ra8) 39. Ke3 h5 $2 (39... Rc8 40. Bxh7+ (40. Rxh7 Nd5+ 41. Kd3 Nf4+ 42. Ke4 Rc4+ 43. Kf3 Rb4 $18) 40... Kf8) 40. Kd4 (40. Be6+ $142 Kh8 41. Ke4) 40... hxg4 41. hxg4 Re8 42. Rb7 Rd8+ 43. Ke5 Rd5+ $2 (43... Kf8 $18 44. Rxb6 a4) 44. Kf6 {[%emt 0:00:00] White mates.} Rd8 45. Be6+ Kh8 46. Kg6 {[%emt 0:00:00] Weighted Error Value: White=0.45/Black=0.67} 1-0

[Event "44th Chess Olympiad Women 2022"]
[Site "Chennai"]
[Date "2022.08.05"]
[Round "7.29"]
[White "Ortiz Verdezoto, Anahi"]
[Black "Mona, Khaled"]
[Result "1-0"]
[ECO "E90"]
[WhiteElo "2046"]
[BlackElo "2127"]
[Annotator "TA"]
[PlyCount "67"]
[EventDate "2022.07.29"]
[EventType "team-tourn"]
[EventCountry "IND"]
[SourceTitle "playchess.com"]
[Source "ChessBase"]
[SourceQuality "1"]
[WhiteTeam "Ecuador"]
[BlackTeam "Egypt"]
[WhiteTeamCountry "ECU"]
[BlackTeamCountry "EGY"]
[TimeControl "40/5400+30:1800+30"]

1. d4 Nf6 2. c4 g6 3. Nc3 Bg7 4. e4 d6 5. h3 Nc6 6. Nf3 O-O 7. Be3 h6 {[%emt 0:02:35] E90: King's Indian: Classical: Early deviations and 6 h3.} (7... e5 $1 $11 {remains equal.}) 8. Qd2 $16 Kh7 9. g4 {[%emt 0:04:32] White is more active.} e5 {[%emt 0:09:45] White is better.} 10. d5 {[%emt 0:01:15] [#]} Nb8 $146 (10... Ne7 $16 {keeps fighting.}) ({Predecessor:} 10... Ne7 11. g5 Nfg8 12. gxh6 Bxh6 13. h4 Bg4 14. Be2 Bxe3 15. Qxe3 Kg7 16. Ng5 Nh6 17. O-O-O f5 18. Ne6+ {1-0 (18) Mirza,D (1906)-Burke,P Chess.com INT 2022}) 11. g5 $18 hxg5 12. Nxg5+ (12. Bxg5 Qe8 $14) 12... Kg8 13. Be2 c6 14. O-O-O cxd5 15. cxd5 ({Don't do} 15. Nxd5 $6 Nxd5 16. cxd5 (16. Qxd5 Nc6 $16) 16... Nd7 $16) 15... Na6 16. Rdg1 {[%emt 0:03:42] Strongly threatening h4.} Ne8 $2 (16... b5 {is tougher.} 17. Nxb5 (17. Bxb5 Qc7 $16) 17... Nc7 18. Nxc7 Qxc7+ 19. Kb1 Bd7) 17. h4 {[%emt 0:02:38] White is clearly winning.} f5 18. exf5 Bxf5 19. Ne6 Qa5 20. Nxf8 Nb4 21. Nxg6 {[%emt 0:02:46] Threatens to win with Ne7+.} Nxa2+ 22. Kd1 {[%emt 0:01:20] aiming for Ne7+.} Kf7 {[%emt 0:07:22] Inhibits Ne7.} 23. Bh5 Rc8 24. Nxe5+ Ke7 {[%emt 0:01:01] [#]} 25. Rxg7+ $1 Nxg7 26. Bg5+ Kf8 27. Ng6+ Kf7 {[%emt 0:03:59] [#]} 28. Ne7+ $1 Nxh5 29. Nxf5 Nxc3+ 30. bxc3 Rxc3 31. Be3 Qa4+ {[%emt 0:00:51] [#]} 32. Ke1 $1 Rc2 33. Qd4 Qa3 (33... Qxd4 $142 34. Nxd4 Rc5) 34. Nh6+ {[%emt 0:00:40] Black got outplayed after the opening.  Weighted Error Value: White=0.06 (flawless) /Black=0.52} 1-0